 Dungeon Crawl Stone Soup version 0.21-a0-401-g0b6bec4 (webtiles) character file.

52 tidbits the Charmwright (level 3, -7/31 HPs)
             Began as a Gnoll Skald on Oct 23, 2017.
             Mangled by a gnoll
             ... wielding a +3 halberd of freezing
              (14 damage)
             ... on level 2 of the Dungeon.
             The game lasted 00:03:03 (346 turns).

tidbits the Charmwright (Gnoll Skald)                Turns: 346, Time: 00:03:03

Health: -7/31      AC:  3    Str: 13    XL:     3   Next: 85%
Magic:  0/9        EV: 14    Int: 16    God:
Gold:   32         SH:  0    Dex: 14    Spells: 1/12 levels left

rFire    . . .     SeeInvis .   a - +0 hand axe
rCold    . . .     Gourm    .   (no shield)
rNeg     . . .     Faith    .   b - +0 leather armour
rPois    .         Spirit   .   (no helmet)
rElec    .         Reflect  .   (no cloak)
rCorr    .         Harm     .   (no gloves)
MR       .....                  (no boots)
Stlth    +.........             (no amulet)
HPRegen  0.10/turn              (no ring)
MPRegen  0.11/turn              (no ring)

@: singing
A: distributed training, fangs 1, strong nose
a: no special abilities


You were on level 2 of the Dungeon.
You were not hungry.

You visited 1 branch of the dungeon, and saw 3 of its levels.

You collected 32 gold pieces.

Inventory:

Hand Weapons
 a - a +0 hand axe (weapon)
Missiles
 h - 25 bolts
 l - a throwing net (quivered) {!f}
Armour
 b - a +0 leather armour (worn)
Scrolls
 e - 3 scrolls of identify {unknown}
 f - 2 scrolls of magic mapping {unknown}
 g - a scroll of remove curse {unknown}
Potions
 j - 2 potions of resistance {unknown}
 k - a potion of heal wounds {unknown}
Books
 c - a book of Battle

   Spells                             Type                      Level
   a - Infusion                       Charms                       1
   b - Shroud of Golubria             Charms/Translocation         2
   c - Song of Slaying                Charms                       2
   d - Spectral Weapon                Hexes/Charms                 3
   e - Regeneration                   Charms/Necromancy            3
Comestibles
 d - 2 bread rations
 i - a royal jelly


   Skills:
 + Level 4.5 Fighting
 + Level 0.9 Short Blades
 + Level 0.9 Long Blades
 + Level 4.5 Axes
 + Level 0.9 Maces & Flails
 + Level 0.9 Polearms
 + Level 0.9 Staves
 + Level 0.9 Slings
 + Level 0.9 Bows
 + Level 0.9 Crossbows
 + Level 0.9 Throwing
 + Level 2.6 Armour
 + Level 4.5 Dodging
 + Level 0.9 Stealth
 + Level 0.9 Shields
 + Level 0.9 Unarmed Combat
 + Level 5.0 Spellcasting
 + Level 0.6 Conjurations
 + Level 0.6 Hexes
 + Level 5.4 Charms
 + Level 0.6 Summonings
 + Level 0.6 Necromancy
 + Level 0.6 Translocations
 + Level 0.6 Transmutations
 + Level 0.6 Fire Magic
 + Level 0.6 Ice Magic
 + Level 0.6 Air Magic
 + Level 0.6 Earth Magic
 + Level 0.6 Poison Magic
 + Level 1.0 Invocations
 + Level 0.9 Evocations


You had one spell level left.
You knew the following spells:

 Your Spells              Type           Power        Failure   Level  Hunger
g - Shroud of Golubria    Chrm/Tloc      ##........   9%          2    #......
i - Infusion              Chrm           ###.         1%          1    None
r - Regeneration          Chrm/Necr      ##........   17%         3    ###....
w - Spectral Weapon       Hex/Chrm       ##......     17%         3    ###....
y - Song of Slaying       Chrm           ###.....     3%          2    #......


Dungeon Overview and Level Annotations

Branches:
Dungeon (3/15)

Altars:


Innate Abilities, Weirdness & Mutations

Your experience applies equally to all skills.
You have very sharp teeth.
Your uncanny sense of smell can sniff out nearby items.


Message History

Casting: Spectral Weapon
Confirm with . or Enter, or press ? or * to list all spells.
You draw out your weapon's spirit!
The shadow imp shouts, "Out, out, thou feeble fen-sucked bounder!"
You hear a bark!
You hit the shadow imp.
The shadow imp is lightly wounded.
Your spectral weapon hits the shadow imp but does no damage.
You hit the shadow imp. Your bite misses the shadow imp.
The shadow imp is severely wounded.
Your spectral weapon hits the shadow imp!
You kill the shadow imp!
You miss the frilled lizard.
Your spectral weapon closely misses the frilled lizard.
The frilled lizard misses you.
You slash the frilled lizard!
You kill the frilled lizard!
A jackal comes into view.
Your magical contamination has completely faded away.
Found a scroll labeled DOSORA COLYKIO.
You see here a frilled lizard corpse.
You swap places.
A jackal comes into view.
The jackal barks!
You hit the jackal.
The jackal is severely wounded.
Your spectral weapon closely misses the jackal.
The jackal misses you.
The jackal bites you but does no damage.
You closely miss the jackal.
The jackal is severely wounded.
Your spectral weapon closely misses the jackal.
The jackal bites you but does no damage.
You hit the jackal but do no damage.
The jackal is severely wounded.
Your spectral weapon closely misses the jackal.
The jackal completely misses you.
You hit the jackal.
You kill the jackal!
Your Invocations skill increases to level 1!
You hit the jackal.
The jackal is heavily wounded.
Your spectral weapon closely misses the jackal.
The jackal barely misses you. The jackal misses you.
You slash the jackal!
You kill the jackal!
Your spectral weapon fades away.
You see here a scroll labeled DOSORA COLYKIO.
e - 3 scrolls labeled DOSORA COLYKIO (gained 1)
Found 18 stones.
Found a lumpy golden potion and 6 gold pieces.
An adder comes into view.
A goblin comes into view. It is wielding a dagger.
You see here a lumpy golden potion.
k - a lumpy golden potion
Casting: Spectral Weapon
Confirm with . or Enter, or press ? or * to list all spells.
You draw out your weapon's spirit!
The adder hisses angrily.
You closely miss the adder. The adder closely misses you.
Your spectral weapon hits the adder!
Your spectral weapon hits the goblin.
You kill the goblin!
The adder barely misses you.
You hit the adder but do no damage. You bite the adder.
You kill the adder!
You see here 6 gold pieces.
You now have 32 gold pieces (gained 6).
Found a dagger.
A gnoll comes into view. It is wielding a whip.
The gnoll shouts!
You hear a shout!
Found a scroll labeled DOSORA COLYKIO.
A gnoll comes into view. It is wielding a halberd of freezing.
Casting: Spectral Weapon
Confirm with . or Enter, or press ? or * to list all spells.
You start singing a song of slaying.
The gnoll throws a throwing net.
The throwing net closely misses you.
A gnoll comes into view.
Your spectral weapon fades away.
The gnoll hits you with a whip.
You see here a scroll labeled DOSORA COLYKIO.
You barely miss the gnoll. The gnoll barely misses you.
You hit the gnoll.
The gnoll is lightly wounded.
The gnoll hits you with a whip.
The gnoll hits you from afar with a halberd of freezing.
The gnoll freezes you. The gnoll misses you. The gnoll barely misses you.
You see here a throwing net {!f}.
l - a throwing net {!f} The gnoll hits you.
* * * LOW HITPOINT WARNING * * *
The gnoll closely misses you. The gnoll hits you but does no damage.
Casting: Song of Slaying
Confirm with . or Enter, or press ? or * to list all spells.
You draw out your weapon's spirit!
The gnoll hits you!
* * * LOW HITPOINT WARNING * * *
The gnoll hits you but does no damage.
The gnoll hits you from afar with a halberd of freezing!
You die...

#####.#..........#
#.#######..#######
..................#
.....#######..#####.#
###. #..# #. #..#
#..# #.(# #.@#
.######gg# ........g#
...######.## ∆
#....?.)# #.#####.#
#... #.### #.#


You could see 3 gnolls and a friendly spectral hand axe.

Vanquished Creatures
  An adder (D:2)
  A shadow imp (D:2)
  2 dart slugs
  A ball python (D:2)
  A giant cockroach (D:1)
  8 goblins
  2 hobgoblins (D:1)
  2 jackals (D:2)
  3 kobolds (D:1)
  4 bats
  A frilled lizard (D:2)
  2 rats
28 creatures vanquished.

Notes
Turn   | Place    | Note
-------+----------+-------------------------------------------
     0 | D:1      | tidbits the Gnoll Skald began the quest for the Orb.
     0 | D:1      | Reached XP level 1. HP: 20/20 MP: 6/6
    78 | D:1      | Reached XP level 2. HP: 26/26 MP: 2/7
    84 | D:1      | Learned a level 2 spell: Song of Slaying
    87 | D:1      | Learned a level 2 spell: Shroud of Golubria
   223 | D:2      | Reached XP level 3. HP: 22/31 MP: 0/9
   224 | D:2      | Reached skill level 5 in Spellcasting
   232 | D:2      | Learned a level 3 spell: Regeneration
   236 | D:2      | Learned a level 3 spell: Spectral Weapon
   284 | D:2      | Reached skill level 1 in Invocations
   346 | D:2      | Mangled by a gnoll

Vault maps used:
D:1:      matt_arrival_spirals
D:2:      uniq_sigmund
D:3:      nemelex_xobeh_ov_fountains_minmay, trog_butcher_becter, uniq_robin

Skill      XL: |  1  2  3 |
---------------+----------+-----
Spellcasting   | 5 |  5.0
Invocations    | 1 |  1.0
Fighting       | |  4.5
Short Blades   | |  0.9
Long Blades    | |  0.9
Axes           | |  4.5
Maces & Flails | |  0.9
Polearms       | |  0.9
Staves         | |  0.9
Slings         | |  0.9
Bows           | |  0.9
Crossbows      | |  0.9
Throwing       | |  0.9
Armour         | |  2.6
Dodging        | |  4.5
Stealth        | |  0.9
Shields        | |  0.9
Unarmed Combat | |  0.9
Conjurations   | |  0.6
Hexes          | |  0.6
Charms         | |  5.4
Summonings     | |  0.6
Necromancy     | |  0.6
Translocations | |  0.6
Transmutations | |  0.6
Fire Magic     | |  0.6
Ice Magic      | |  0.6
Air Magic      | |  0.6
Earth Magic    | |  0.6
Poison Magic   | |  0.6
Evocations     | |  0.9

Action                   || total
-------------------------++-------
Melee: Hand axe          ||    52
       Bite              ||     7
 Cast: Infusion          ||     5
       Spectral Weapon   ||     3
       Song of Slaying   ||     1
 Stab: Sleeping          ||     1
Armor: Leather armour    ||    13
Dodge: Dodged            ||    45

Table legend:
 A = Spawn XP
 B = Non-spawn XP
 C = Spawn XP percentage of total XP
 D = Spawn monster count
 E = Non-spawn monster count
 F = Spawn count percentage of total count
 G = Total turns spent on level
                    A         B        C        D         E        F      G
               +---------+---------+-------+---------+---------+-------+---------
         Total |       0 |      75 |   0.0 |       0 |      28 |   0.0 |   346
               +---------+---------+-------+---------+---------+-------+---------
           D:1 |       0 |      25 |   0.0 |       0 |      13 |   0.0 |   201
           D:2 |       0 |      50 |   0.0 |       0 |      15 |   0.0 |   127
               +---------+---------+-------+---------+---------+-------+---------

Table legend:
 A = Turns spent in this place as a percentage of turns spent in the entire game.
 B = Non-inter-level travel turns spent in this place as a percentage of non-inter-level travel turns spent in the entire game.
 C = Inter-level travel turns spent in this place as a percentage of turns spent in this place.
 D = Turns resting spent in this place as a percentage of non-inter-level travel turns spent in this place.
 E = Turns spent auto-exploring this place as a percentage of non-inter-level travel turns spent in this place.
 F = Non-inter-level travel turns spent in this place divided by the number of levels of this place that you've seen.
                   A       B       C       D       E      F
               +-------+-------+-------+-------+-------+----------------------
         Total | 100.0 | 100.0 |   0.0 |   0.0 |   0.0 | 115.3
       Dungeon | 100.0 | 100.0 |   0.0 |   0.0 |   0.0 | 115.3
               +-------+-------+-------+-------+-------+----------------------

Table legend:
 A = Kills in this place as a percentage of kills in entire the game.
 B = Kills by you in this place as a percentage of kills by you in the entire game.
 C = Kills by friends in this place as a percentage of kills by friends in the entire game.
 D = Other kills in this place as a percentage of other kills in the entire game.
 E = Experience gained in this place as a percentage of experience gained in the entire game.
 F = Experience gained in this place divided by the number of levels of this place that you have seen.
                   A       B       C       D       E      F
               +-------+-------+-------+-------+-------+----------------------
         Total | 100.0 | 100.0 |   N/A |   N/A | 100.0 |  25.0
       Dungeon | 100.0 | 100.0 |   N/A |   N/A | 100.0 |  25.0
               +-------+-------+-------+-------+-------+----------------------

Vault maps used:
D:1:      matt_arrival_spirals
D:2:      uniq_sigmund
D:3:      nemelex_xobeh_ov_fountains_minmay, trog_butcher_becter, uniq_robin
